 Dungeon Crawl Stone Soup version 0.21.1-1-g345015fe64 (webtiles) character file.

302 GingerOwl the Slasher (level 6, -2/37 HPs)
             Began as a Gargoyle Fighter on Apr 9, 2018.
             Slain by Sigmund
             ... wielding a +0 scythe of slicing
              (4 damage)
             ... on level 3 of the Dungeon.
             The game lasted 00:18:33 (3075 turns).

GingerOwl the Slasher (Gargoyle Fighter)            Turns: 3075, Time: 00:18:34

Health: -2/37      AC: 13    Str: 24    XL:     6   Next: 37%
Magic:  6/6        EV:  7    Int:  9    God:
Gold:   147        SH:  0    Dex: 11    Spells: 5/5 levels left

rFire    . . .     SeeInvis .   a - +0 long sword
rCold    . . .     Gourm    .   c - +0 shield
rNeg     + . .     Faith    .   b - +0 scale mail
rPois    ∞         Spirit   .   (no helmet)
rElec    +         Reflect  .   p - +0 cloak
rCorr    .         Harm     .   (no gloves)
MR       .....                  g - +0 pair of boots
Stlth    ..........             (no amulet)
HPRegen  0.12/turn              (no ring)
MPRegen  0.10/turn              (no ring)

@: confused, mighty
A: negative energy resistance 1, electricity resistance, unbreathing,
petrification resistance, rot immunity, AC +4
a: no special abilities


You were on level 3 of the Dungeon.
You were not hungry.

You visited 1 branch of the dungeon, and saw 3 of its levels.

You collected 147 gold pieces.

Inventory:

Hand Weapons
 a - a +0 long sword (weapon)
 o - a +2 quarterstaff of chaos
Armour
 b - a +0 scale mail (worn)
 c - a +0 shield (worn)
 g - a +0 pair of boots (worn)
 p - a +0 cloak (worn)
Wands
 n - a wand of polymorph (14)
Scrolls
 h - a scroll of identify {unknown}
 i - 4 scrolls of remove curse {unknown}
 j - a scroll of teleportation {unknown}
 k - a scroll of immolation {unknown}
 l - a scroll of amnesia {unknown}
 m - 3 scrolls of enchant weapon {unknown}
Potions
 e - a potion of haste {unknown}
Comestibles
 f - 5 rations


   Skills:
 * Level 3.4 Fighting
 * Level 5.9 Long Blades
 - Level 3.2 Armour
 - Level 3.2 Shields


You had 5 spell levels left.
You didn't know any spells.

Dungeon Overview and Level Annotations

Branches:
Dungeon (3/15)

Altars:
Cheibriados

Annotations:
D:3 Sigmund


Innate Abilities, Weirdness & Mutations

You are resistant to torment.
Your stone body is resilient. (AC +4)
You are immune to poison.
You resist negative energy. (rN+)
You are resistant to electric shocks. (rElec)
You can survive without breathing.
You are immune to petrification.
You are immune to rotting.


Message History

The magic dart hits you!
You feel less confused. Something hits you but does no damage.
Something hits you!
* * * LOW HITPOINT WARNING * * *
You are too injured to fight recklessly!
You are too injured to fight recklessly!
You are too injured to fight recklessly!
You are too injured to fight recklessly!
Okay, then.
You feel very mighty all of a sudden. Something hits you.
* * * LOW HITPOINT WARNING * * *
x2 You miss something.
You hear some strange, mumbled words.
You are confused.
Something hits you.
* * * LOW HITPOINT WARNING * * *
x2 Something hits you.
You die...

#. #.### #.#.. #.#.#'###
# #.#.....######
..####.#...........
#......#......#######
..........@.....#...#
#.........{...#..?#
#...............###
..............#.....#
#.#######....############
.........<...)..<.......
.###############.#######
#.# #.#


There were no monsters in sight!

Vanquished Creatures
  The ghost of Rawrzzor the Skirmisher, an amateur DsFi (D:3)
  Crazy Yiuf (D:2)
  Natasha (thrice) (D:2)
  A hound skeleton (D:2)
  Robin (D:2)
  3 adders
  2 dart slugs
  2 leopard geckos
  8 bats
  4 giant cockroaches
  13 goblins
  3 hobgoblins
  6 jackals
  3 frilled lizards
  7 kobolds
  6 rats
64 creatures vanquished.

Notes
Turn   | Place    | Note
-------+----------+-------------------------------------------
     0 | D:1      | GingerOwl the Gargoyle Fighter began the quest for the Orb.
     0 | D:1      | Reached XP level 1. HP: 14/14 MP: 1/1
    79 | D:1      | Reached skill level 2 in Long Blades
   120 | D:1      | Reached XP level 2. HP: 18/19 MP: 2/2
   536 | D:1      | Reached skill level 3 in Long Blades
   612 | D:1      | Reached XP level 3. HP: 23/23 MP: 3/3
  1001 | D:2      | Found a snail-covered altar of Cheibriados.
  1229 | D:2      | Found a faded altar of an unknown god.
  1231 | D:2      | Noticed Natasha
  1243 | D:2      | Killed Natasha
  1243 | D:2      | Reached XP level 4. HP: 15/28 MP: 4/4
  1249 | D:2      | Reached skill level 4 in Long Blades
  1512 | D:2      | Noticed Natasha
  1523 | D:2      | Noticed Robin
  1593 | D:2      | Killed Natasha
  1593 | D:2      | Reached XP level 5. HP: 10/32 MP: 5/5
  2133 | D:2      | Noticed Natasha
  2141 | D:2      | Killed Natasha
  2240 | D:2      | Killed Robin
  2419 | D:2      | Found a runed door.
  2423 | D:2      | Noticed Crazy Yiuf
  2429 | D:2      | Killed Crazy Yiuf
  2429 | D:2      | Reached skill level 5 in Long Blades
  2650 | D:3      | Noticed Rawrzzor's ghost (amateur DsFi)
  2687 | D:3      | Killed Rawrzzor's ghost
  2687 | D:3      | Reached XP level 6. HP: 28/37 MP: 6/6
  3037 | D:3      | Noticed Sigmund
  3073 | D:3      | HP: 1/37 [something (1)]
  3075 | D:3      | Slain by Sigmund

Skill      XL: |  1  2  3  4  5 |
---------------+----------------+-----
Long Blades    | 2 3 4 5 |  5.9
Fighting       | |  3.4
Armour         | |  3.2
Shields        | |  3.2

Action                   |  1- 3 |  4- 6 || total
-------------------------+-------+-------++-------
Melee: Long sword        |   101 |   151 ||   252
  Use: Potion            |       |     1 ||     1
  Eat: Chunk             |     1 |     3 ||     4
       Ration            |       |     1 ||     1
Armor: Scale mail        |    61 |    75 ||   136
Dodge: Dodged            |    37 |    45 ||    82
Block: Shield            |    84 |    80 ||   164
       Rpst.: Long sword |    13 |    14 ||    27
